Hurricanes vs Devils

Created - September-14-13 at 10:57

Simulating a Pre-Season

Goals
1 2 3 OT1 T
Hurricanes 0 1 2 0 3
Devils 0 1 2 1 4
Shots
1 2 3 OT1 T
Hurricanes 3 9 9 2 23
Devils 4 10 16 1 31

1st period

No Goal

Penalties :
Brian Boyle (CAR) for Cross-checking (Minor) at 1:06, Nikita Nikitin (NJD) for Hooking (Minor) at 11:52, Nikita Nikitin (NJD) for Hooking (Minor) at 16:30

2nd period

1. Hurricanes , Rene Bourque 1 (Eric Staal) at 1:26
2. Devils , Artem Anisimov 3 (James van Riemsdyk, Trevor Daley) at 6:26 (PP)

Penalties :
Lennart Petrell (CAR) for Hooking (Minor) at 4:50, Brian Boyle (CAR) for Cross-checking (Minor) at 10:04, Niklas Hjalmarsson (NJD) for Roughing (Minor) at 13:31

3rd period

3. Hurricanes , Patrik Elias 3 (Eric Staal) at 1:27
4. Devils , Artem Anisimov 4 (Mark Streit, James van Riemsdyk) at 3:52 (PP)
5. Hurricanes , Brian Boyle 1 (Ryan Wilson, Daniel Winnik) at 6:42
6. Devils , Nikita Nikitin 3 (Artem Anisimov, James van Riemsdyk) at 17:31 (PP)

Penalties :
Mike Weber (CAR) for Tripping (Minor) at 2:09, Steve Oleksy (CAR) for Cross-checking (Minor) at 9:38, Eric Staal (CAR) for Interference (Minor) at 16:05

Overtime #1

7. Devils , James van Riemsdyk 4 (Christian Ehrhoff, Josh Bailey) at 0:51

Penalties :
No Penalty

Goalie Stats

Mike Smith (CAR), 27 saves from 31 shots - (0.871), OTL, 1-2-2, 60:52 minutes
Martin Brodeur (NJD), 20 saves from 23 shots - (0.870), W, 1-2-0, 60:52 minutes

Players Stats for Hurricanes

Player Name              G  A  P  +/- PIM S  H  SB GA TA FO     MP     PP MP  PK MP  
------------------------------------------------------------------------------------
Aaron Johnson            0  0  0   0  0   0  0  0  0  0  0/0     0:42   0:34   0:08 
Anton Volchenkov         0  0  0   2  0   0  1  2  0  0  0/0    17:05   0:00   1:29 
Brian Boyle              1  0  1   1  4   1  5  0  0  0  17/26  19:01   2:01   0:00 
Daniel Winnik            0  1  1   0  0   1  2  0  0  0  4/8    23:54   2:01   4:35 
Dany Heatley             0  0  0   0  0   5  0  0  0  0  1/1    22:25   2:01   3:06 
Duncan Keith             0  0  0   1  0   2  0  4  0  0  0/0    26:48   3:04   6:04 
Eric Staal               0  2  2   2  2   3  0  1  0  0  22/36  26:42   3:56   5:06 
Filip Kuba               0  0  0  -1  0   0  0  3  0  0  0/0    20:52   2:53   4:38 
Jason Chimera            0  0  0   1  0   1  2  0  0  0  0/2    14:19   3:56   0:47 
Lennart Petrell          0  0  0   1  2   0  1  0  0  0  0/1    10:42   0:00   0:20 
Marty Reasoner           0  0  0   0  0   1  0  1  0  0  6/11   10:25   0:00   1:10 
Mike Weber               0  0  0   1  2   2  8  2  0  0  0/0    22:43   2:30   4:58 
Patrik Elias             1  0  1   1  0   4  0  0  0  0  1/3    26:48   3:56   6:20 
Rene Bourque             1  0  1   1  0   1  1  0  0  0  0/0     9:57   0:00   0:00 
Rich Clune               0  0  0   0  0   1  1  0  0  0  0/0     6:45   0:00   0:00 
Ryan Wilson              0  1  1   2  0   0  2  0  0  0  0/0    15:36   0:00   0:00 
Shane OBrien             0  0  0   0  0   0  0  0  0  0  0/0     0:00   0:00   0:00 
Steve Oleksy             0  0  0  -1  2   1  3  1  0  0  0/0    17:56   2:53   4:07 

Players Stats for Devils

Player Name              G  A  P  +/- PIM S  H  SB GA TA FO     MP     PP MP  PK MP  
------------------------------------------------------------------------------------
Ales Hemsky              0  0  0   0  0   1  0  0  0  0  0/1    18:50   4:51   0:00 
Antoine Roussel          0  0  0  -2  0   0  3  0  0  0  0/0    11:00   0:16   0:23 
Artem Anisimov           2  1  3   0  0   5  2  0  0  0  9/25   19:15   5:16   0:00 
Brenden Dillon           0  0  0   0  0   0  2  3  0  0  0/0    15:59   0:00   3:50 
Christian Ehrhoff        0  1  1  -2  0   1  2  0  0  0  0/0    26:21   5:39   3:00 
Clarke MacArthur         0  0  0  -2  0   1  0  1  0  0  0/0    11:15   0:00   0:17 
James van Riemsdyk       1  3  4   1  0   5  2  0  0  0  0/0    19:30   5:16   0:00 
Jonathan Huberdeau       0  0  0  -1  0   4  2  0  0  0  0/2    18:59   5:26   0:00 
Josh Bailey              0  1  1   0  0   2  1  0  0  0  1/5    18:37   6:25   0:00 
Mark Letestu             0  0  0  -2  0   2  0  0  0  0  10/18  16:23   4:36   3:02 
Mark Streit              0  1  1  -2  0   1  0  0  0  0  0/0    20:48   5:39   1:34 
Nikita Nikitin           1  0  1   1  4   2  2  0  0  0  0/0    21:21   5:03   1:03 
Niklas Hjalmarsson       0  0  0   0  2   1  1  1  0  0  0/0    16:46   0:00   1:48 
Roman Cervenka           0  0  0   0  0   2  0  0  0  0  1/1     7:04   0:00   0:00 
Saku Koivu               0  0  0  -1  0   1  2  0  0  0  8/20   15:06   0:00   2:32 
Tommy Wingels            0  0  0   0  0   1  0  1  0  0  0/0     9:36   0:00   2:32 
Trevor Daley             0  1  1  -1  0   1  2  1  0  0  0/0    20:26   5:03   0:39 
Vladimir Sobotka         0  0  0   0  0   1  1  0  0  0  8/16   10:12   0:00   3:08 

3 Stars

1 - James van Riemsdyk (NJD)
2 - Artem Anisimov (NJD)
3 - Rene Bourque (CAR)

Power Play

Hurricanes - 0 on 3 Attempt(s) - 0.00%
Devils - 3 on 6 Attempt(s) - 50.00%

Penalty Kill

Hurricanes - 3 on 6 Attempt(s) - 50.00% - Score 0 goal in Penalty Kill
Devils - 3 on 3 Attempt(s) - 100.00% - Score 0 goal in Penalty Kill

Official

Referees : Trevor Hanson and Trent Knorr
Linesman : Ryan Galloway and Greg Devorski

Game Notes

Mark Letestu is injured at 12:08 of 3rd period (Sports Hernia)

% Time on Ice - Hurricanes

Lines # - Real PCT - Wanted PCT - Time Play
Normal Forward
1 - 22% - 40% - 9:36
2 - 39% - 35% - 17:03
3 - 23% - 15% - 9:57
4 - 16% - 10% - 6:45
Normal Defense
1 - 34% - 40% - 14:39
2 - 36% - 30% - 15:36
3 - 25% - 20% - 10:42
4 - 6% - 10% - 2:24
PP Forward
1 - 66% - 60% - 3:56
2 - 34% - 40% - 2:01
PP Defense
1 - 52% - 60% - 3:04
2 - 48% - 40% - 2:53
PK Forward
1 - 71% - 60% - 7:36
2 - 29% - 40% - 3:06
PK Defense
1 - 57% - 60% - 6:04
2 - 43% - 40% - 4:38
PK3 Forward
1 - 0% - 60%
2 - 0% - 40%
PK3 Defense
1 - 0% - 60%
2 - 0% - 40%
44 Forward
1 - 71% - 50% - 0:37
2 - 29% - 50% - 0:15
44 Defense
1 - 71% - 60% - 0:37
2 - 29% - 40% - 0:15
Last Minute Offensive  - 0:00
Last Minute Defensive  - 0:00
Total
Forward - 60:52
Defense - 60:52

% Time on Ice - Devils

Lines # - Real PCT - Wanted PCT - Time Play
Normal Forward
1 - 32% - 35% - 13:59
2 - 28% - 30% - 11:57
3 - 24% - 20% - 10:21
4 - 16% - 15% - 7:04
Normal Defense
1 - 35% - 35% - 15:02
2 - 34% - 35% - 14:44
3 - 25% - 20% - 10:52
4 - 6% - 10% - 2:43
PP Forward
1 - 49% - 60% - 5:16
2 - 51% - 40% - 5:26
PP Defense
1 - 53% - 60% - 5:39
2 - 47% - 40% - 5:03
PK Forward
1 - 57% - 55% - 3:25
2 - 43% - 45% - 2:32
PK Defense
1 - 62% - 55% - 3:43
2 - 38% - 45% - 2:14
PK3 Forward
1 - 0% - 50%
2 - 0% - 50%
PK3 Defense
1 - 0% - 50%
2 - 0% - 50%
44 Forward
1 - 71% - 50% - 0:37
2 - 29% - 50% - 0:15
44 Defense
1 - 71% - 50% - 0:37
2 - 29% - 50% - 0:15
Last Minute Offensive  - 0:00
Last Minute Defensive  - 0:00
Total
Forward - 60:52
Defense - 60:52

Play by Play

1st period


0:01 of 1st period - Eric Staal wins face-off versus Artem Anisimov in neutral zone.
0:13 of 1st period - Nikita Nikitin is hit by Jason Chimera.
0:52 of 1st period - Icing by Nikita Nikitin.
0:53 of 1st period - Brian Boyle wins face-off versus Artem Anisimov in Devils zone.
0:53 of 1st period - Brian Boyle is hit by Niklas Hjalmarsson.
1:04 of 1st period - Nikita Nikitin is hit by Daniel Winnik and loses puck.
1:06 of 1st period - Minor Penalty to Brian Boyle for Cross-checking.
1:07 of 1st period - Eric Staal wins face-off versus Mark Letestu in Hurricanes zone.
1:21 of 1st period - Icing by Christian Ehrhoff.
1:22 of 1st period - Mark Letestu wins face-off versus Daniel Winnik in Devils zone.
1:22 of 1st period - Mark Letestu is hit by Steve Oleksy.
3:03 of 1st period - Filip Kuba is hit by Antoine Roussel and loses puck.
4:00 of 1st period - Josh Bailey is hit by Brian Boyle and loses puck.
5:37 of 1st period - Shot by James van Riemsdyk.
5:37 of 1st period - Shot Misses the Net.
5:47 of 1st period - Shot by James van Riemsdyk.
5:47 of 1st period - Stopped by Mike Smith with a rebound.
5:49 of 1st period - Shot by James van Riemsdyk.
5:49 of 1st period - Deflect By Artem Anisimov.
5:49 of 1st period - Shot Misses the Net.
6:46 of 1st period - Jonathan Huberdeau is hit by Rich Clune and loses puck.
7:05 of 1st period - Shot by Josh Bailey.
7:05 of 1st period - Shot Blocked by Marty Reasoner.
7:17 of 1st period - Shot by Niklas Hjalmarsson.
7:17 of 1st period - Stopped by Mike Smith without a rebound.
7:18 of 1st period - Brian Boyle wins face-off versus Artem Anisimov in Hurricanes zone.
7:20 of 1st period - Daniel Winnik is hit by Artem Anisimov and loses puck.
7:50 of 1st period - James van Riemsdyk is hit by Mike Weber and loses puck.
7:56 of 1st period - Icing by Duncan Keith.
7:57 of 1st period - Mark Letestu wins face-off versus Daniel Winnik in Hurricanes zone.
8:02 of 1st period - Shot by Antoine Roussel.
8:02 of 1st period - Shot Misses the Net.
8:27 of 1st period - Eric Staal is hit by Brenden Dillon and loses puck.
8:57 of 1st period - Shot by Lennart Petrell.
8:57 of 1st period - Shot Blocked by Brenden Dillon.
9:41 of 1st period - Shot by Jonathan Huberdeau.
9:41 of 1st period - Shot Misses the Net.
9:53 of 1st period - Shot by Eric Staal.
9:53 of 1st period - Shot Misses the Net.
9:59 of 1st period - Shot by Eric Staal.
9:59 of 1st period - Shot Misses the Net.
10:01 of 1st period - Shot by Jason Chimera.
10:01 of 1st period - Stopped by Martin Brodeur without a rebound.
10:02 of 1st period - Brian Boyle wins face-off versus Artem Anisimov in Devils zone.
10:31 of 1st period - Shot by Ales Hemsky.
10:31 of 1st period - Deflect By Artem Anisimov.
10:31 of 1st period - Stopped by Mike Smith with a rebound.
10:47 of 1st period - Shot by James van Riemsdyk.
10:47 of 1st period - Shot Misses the Net.
10:54 of 1st period - Rene Bourque is hit by Trevor Daley and loses puck.
11:35 of 1st period - Niklas Hjalmarsson is hit by Anton Volchenkov and loses puck.
11:52 of 1st period - Minor Penalty to Nikita Nikitin for Hooking.
11:53 of 1st period - Vladimir Sobotka wins face-off versus Eric Staal in Devils zone.
12:16 of 1st period - Shot by Duncan Keith.
12:16 of 1st period - Shot Misses the Net.
12:47 of 1st period - Icing by Brian Boyle.
12:48 of 1st period - Vladimir Sobotka wins face-off versus Brian Boyle in Hurricanes zone.
14:40 of 1st period - Icing by Ryan Wilson.
14:41 of 1st period - Mark Letestu wins face-off versus Marty Reasoner in Hurricanes zone.
14:52 of 1st period - Shot by Clarke MacArthur.
14:52 of 1st period - Shot Blocked by Anton Volchenkov.
15:36 of 1st period - Trevor Daley is hit by Mike Weber and loses puck.
16:25 of 1st period - Icing by Jonathan Huberdeau.
16:26 of 1st period - Eric Staal wins face-off versus Saku Koivu in Devils zone.
16:27 of 1st period - Shot by Filip Kuba.
16:27 of 1st period - Shot Blocked by Niklas Hjalmarsson.
16:30 of 1st period - Minor Penalty to Nikita Nikitin for Hooking.
16:31 of 1st period - Vladimir Sobotka wins face-off versus Eric Staal in Devils zone.
19:00 of 1st period - Shot by Marty Reasoner.
19:00 of 1st period - Stopped by Martin Brodeur without a rebound.
19:01 of 1st period - Marty Reasoner wins face-off versus Saku Koivu in Devils zone.
19:01 of 1st period - Duncan Keith is hit by Trevor Daley and loses puck.
19:20 of 1st period - Shot by Jonathan Huberdeau.
19:20 of 1st period - Stopped by Mike Smith without a rebound.
19:21 of 1st period - Eric Staal wins face-off versus Vladimir Sobotka in Hurricanes zone.
19:28 of 1st period - Shot by Eric Staal.
19:28 of 1st period - Stopped by Martin Brodeur with a rebound.
19:30 of 1st period - Shot by Anton Volchenkov.
19:30 of 1st period - Shot Misses the Net.

2nd period


0:01 of 2nd period - Eric Staal wins face-off versus Saku Koivu in neutral zone.
0:29 of 2nd period - Shot by Saku Koivu.
0:29 of 2nd period - Stopped by Mike Smith with a rebound.
0:32 of 2nd period - Icing by Mike Weber.
0:33 of 2nd period - Artem Anisimov wins face-off versus Eric Staal in Hurricanes zone.
0:46 of 2nd period - Shot by Patrik Elias.
0:46 of 2nd period - Shot Misses the Net.
0:48 of 2nd period - Shot by Patrik Elias.
0:48 of 2nd period - Deflect By Jason Chimera.
0:48 of 2nd period - Shot Misses the Net.
1:04 of 2nd period - Shot by Ales Hemsky.
1:04 of 2nd period - Stopped by Mike Smith without a rebound.
1:05 of 2nd period - Brian Boyle wins face-off versus Josh Bailey in Hurricanes zone.
1:09 of 2nd period - Steve Oleksy is hit by Christian Ehrhoff and loses puck.
1:20 of 2nd period - Off-side.
1:21 of 2nd period - Eric Staal wins face-off versus Mark Letestu in neutral zone.
1:26 of 2nd period - Shot by Rene Bourque.
1:26 of 2nd period - Goal by Rene Bourque - Hurricanes : 1 - Devils : 0.
1:27 of 2nd period - Saku Koivu wins face-off versus Brian Boyle in neutral zone.
1:30 of 2nd period - Shot by Christian Ehrhoff.
1:30 of 2nd period - Shot Misses the Net.
1:33 of 2nd period - Icing by Steve Oleksy.
1:34 of 2nd period - Saku Koivu wins face-off versus Brian Boyle in Hurricanes zone.
2:46 of 2nd period - Shot by James van Riemsdyk.
2:46 of 2nd period - Deflect By Artem Anisimov.
2:46 of 2nd period - Stopped by Mike Smith with a rebound.
2:48 of 2nd period - Shot by Niklas Hjalmarsson.
2:48 of 2nd period - Shot Blocked by Duncan Keith.
2:52 of 2nd period - Shot by James van Riemsdyk.
2:52 of 2nd period - Shot Misses the Net.
3:00 of 2nd period - Shot by James van Riemsdyk.
3:00 of 2nd period - Shot Misses the Net.
4:19 of 2nd period - Icing by Christian Ehrhoff.
4:20 of 2nd period - Vladimir Sobotka wins face-off versus Eric Staal in Devils zone.
4:43 of 2nd period - Christian Ehrhoff is hit by Rene Bourque.
4:50 of 2nd period - Minor Penalty to Lennart Petrell for Hooking.
4:51 of 2nd period - Marty Reasoner wins face-off versus Artem Anisimov in Hurricanes zone.
5:04 of 2nd period - Shot by James van Riemsdyk.
5:04 of 2nd period - Shot Misses the Net.
5:24 of 2nd period - Duncan Keith is hit by James van Riemsdyk and loses puck.
6:00 of 2nd period - Shot by Trevor Daley.
6:00 of 2nd period - Shot Blocked by Filip Kuba.
6:08 of 2nd period - Shot by Jonathan Huberdeau.
6:08 of 2nd period - Deflect By Mark Letestu.
6:08 of 2nd period - Stopped by Mike Smith without a rebound.
6:09 of 2nd period - Artem Anisimov wins face-off versus Daniel Winnik in Hurricanes zone.
6:11 of 2nd period - Josh Bailey is hit by Mike Weber and loses puck.
6:24 of 2nd period - Shot by James van Riemsdyk.
6:24 of 2nd period - Shot Blocked by Mike Weber.
6:26 of 2nd period - Shot by Artem Anisimov.
6:26 of 2nd period - Goal by Artem Anisimov - Hurricanes : 1 - Devils : 1.
6:27 of 2nd period - Marty Reasoner wins face-off versus Vladimir Sobotka in neutral zone.
7:57 of 2nd period - Shot by Brian Boyle.
7:57 of 2nd period - Shot Misses the Net.
7:59 of 2nd period - Shot by Duncan Keith.
7:59 of 2nd period - Stopped by Martin Brodeur without a rebound.
8:00 of 2nd period - Eric Staal wins face-off versus Artem Anisimov in Devils zone.
8:00 of 2nd period - Duncan Keith is hit by Christian Ehrhoff and loses puck.
8:08 of 2nd period - Christian Ehrhoff is hit by Lennart Petrell and loses puck.
8:26 of 2nd period - Shot by James van Riemsdyk.
8:26 of 2nd period - Stopped by Mike Smith without a rebound.
8:27 of 2nd period - Brian Boyle wins face-off versus Saku Koivu in Hurricanes zone.
8:27 of 2nd period - Brian Boyle is hit by Jonathan Huberdeau.
8:37 of 2nd period - Shot by Brenden Dillon.
8:37 of 2nd period - Shot Blocked by Steve Oleksy.
8:51 of 2nd period - Shot by Jonathan Huberdeau.
8:51 of 2nd period - Shot Blocked by Filip Kuba.
8:53 of 2nd period - Shot by Jonathan Huberdeau.
8:53 of 2nd period - Stopped by Mike Smith without a rebound.
8:54 of 2nd period - Patrik Elias wins face-off versus Artem Anisimov in Hurricanes zone.
9:50 of 2nd period - Shot by Daniel Winnik.
9:50 of 2nd period - Deflect By Dany Heatley.
9:50 of 2nd period - Stopped by Martin Brodeur without a rebound.
9:51 of 2nd period - Saku Koivu wins face-off versus Brian Boyle in Devils zone.
9:51 of 2nd period - Saku Koivu is hit by Brian Boyle.
10:04 of 2nd period - Minor Penalty to Brian Boyle for Cross-checking.
10:05 of 2nd period - Mark Letestu wins face-off versus Eric Staal in Hurricanes zone.
10:12 of 2nd period - Shot by Mark Streit.
10:12 of 2nd period - Shot Blocked by Mike Weber.
10:14 of 2nd period - Shot by Christian Ehrhoff.
10:14 of 2nd period - Shot Misses the Net.
10:16 of 2nd period - Shot by Christian Ehrhoff.
10:16 of 2nd period - Shot Blocked by Eric Staal.
10:18 of 2nd period - Shot by Jonathan Huberdeau.
10:18 of 2nd period - Deflect By Mark Letestu.
10:18 of 2nd period - Shot Misses the Net.
10:20 of 2nd period - Shot by Jonathan Huberdeau.
10:20 of 2nd period - Shot Misses the Net.
10:22 of 2nd period - Shot by Mark Letestu.
10:22 of 2nd period - Shot Blocked by Duncan Keith.
10:24 of 2nd period - Shot by Mark Letestu.
10:24 of 2nd period - Stopped by Mike Smith without a rebound.
10:25 of 2nd period - Artem Anisimov wins face-off versus Eric Staal in Hurricanes zone.
10:28 of 2nd period - Shot by Artem Anisimov.
10:28 of 2nd period - Stopped by Mike Smith without a rebound.
10:29 of 2nd period - Eric Staal wins face-off versus Artem Anisimov in Hurricanes zone.
10:50 of 2nd period - Trevor Daley is hit by Mike Weber and loses puck.
11:15 of 2nd period - Nikita Nikitin is hit by Daniel Winnik and loses puck.
11:26 of 2nd period - Shot by Daniel Winnik.
11:26 of 2nd period - Shot Misses the Net.
11:28 of 2nd period - Shot by Daniel Winnik.
11:28 of 2nd period - Shot Misses the Net.
11:30 of 2nd period - Shot by Steve Oleksy.
11:30 of 2nd period - Stopped by Martin Brodeur without a rebound.
11:31 of 2nd period - Mark Letestu wins face-off versus Eric Staal in Devils zone.
12:08 of 2nd period - Icing by Roman Cervenka.
12:09 of 2nd period - Vladimir Sobotka wins face-off versus Brian Boyle in Devils zone.
12:32 of 2nd period - Shot by Roman Cervenka.
12:32 of 2nd period - Stopped by Mike Smith without a rebound.
12:33 of 2nd period - Mark Letestu wins face-off versus Marty Reasoner in Hurricanes zone.
13:11 of 2nd period - Icing by Niklas Hjalmarsson.
13:12 of 2nd period - Brian Boyle wins face-off versus Mark Letestu in Devils zone.
13:24 of 2nd period - Icing by Mark Letestu.
13:25 of 2nd period - Eric Staal wins face-off versus Mark Letestu in Devils zone.
13:31 of 2nd period - Minor Penalty to Niklas Hjalmarsson for Roughing.
13:32 of 2nd period - Brian Boyle wins face-off versus Vladimir Sobotka in Devils zone.
13:45 of 2nd period - Shot by Daniel Winnik.
13:45 of 2nd period - Shot Blocked by Tommy Wingels.
13:47 of 2nd period - Shot by Duncan Keith.
13:47 of 2nd period - Shot Blocked by Brenden Dillon.
13:49 of 2nd period - Shot by Daniel Winnik.
13:49 of 2nd period - Stopped by Martin Brodeur without a rebound.
13:50 of 2nd period - Vladimir Sobotka wins face-off versus Jason Chimera in Devils zone.
13:56 of 2nd period - Icing by Steve Oleksy.
13:57 of 2nd period - Eric Staal wins face-off versus Vladimir Sobotka in Hurricanes zone.
14:30 of 2nd period - Shot by Patrik Elias.
14:30 of 2nd period - Deflect By Eric Staal.
14:30 of 2nd period - Stopped by Martin Brodeur without a rebound.
14:31 of 2nd period - Brian Boyle wins face-off versus Saku Koivu in Devils zone.
14:36 of 2nd period - Shot by Mike Weber.
14:36 of 2nd period - Shot Misses the Net.
14:38 of 2nd period - Shot by Dany Heatley.
14:38 of 2nd period - Stopped by Martin Brodeur without a rebound.
14:39 of 2nd period - Brian Boyle wins face-off versus Saku Koivu in Devils zone.
14:40 of 2nd period - Shot by Dany Heatley.
14:40 of 2nd period - Stopped by Martin Brodeur without a rebound.
14:41 of 2nd period - Vladimir Sobotka wins face-off versus Eric Staal in Devils zone.
15:38 of 2nd period - Shot by James van Riemsdyk.
15:38 of 2nd period - Deflect By Artem Anisimov.
15:38 of 2nd period - Shot Blocked by Anton Volchenkov.
16:08 of 2nd period - Shot by Daniel Winnik.
16:08 of 2nd period - Deflect By Dany Heatley.
16:08 of 2nd period - Stopped by Martin Brodeur without a rebound.
16:09 of 2nd period - Saku Koivu wins face-off versus Eric Staal in Devils zone.
16:16 of 2nd period - Icing by Rene Bourque.
16:17 of 2nd period - Eric Staal wins face-off versus Saku Koivu in Hurricanes zone.
17:17 of 2nd period - Icing by Jonathan Huberdeau.
17:18 of 2nd period - Brian Boyle wins face-off versus Josh Bailey in Devils zone.
17:28 of 2nd period - Off-side.
17:29 of 2nd period - Artem Anisimov wins face-off versus Marty Reasoner in neutral zone.
17:31 of 2nd period - Niklas Hjalmarsson is hit by Mike Weber and loses puck.
17:36 of 2nd period - Shot by Artem Anisimov.
17:36 of 2nd period - Deflect By Ales Hemsky.
17:36 of 2nd period - Shot Misses the Net.
17:41 of 2nd period - Ales Hemsky is hit by Mike Weber and loses puck.
17:48 of 2nd period - Shot by James van Riemsdyk.
17:48 of 2nd period - Shot Misses the Net.
17:50 of 2nd period - Shot by James van Riemsdyk.
17:50 of 2nd period - Shot Misses the Net.
17:52 of 2nd period - Shot by Nikita Nikitin.
17:52 of 2nd period - Deflect By Artem Anisimov.
17:52 of 2nd period - Shot Misses the Net.
18:50 of 2nd period - Dany Heatley is hit by Antoine Roussel and loses puck.
19:17 of 2nd period - Shot by Dany Heatley.
19:17 of 2nd period - Shot Blocked by Trevor Daley.
19:20 of 2nd period - Icing by Christian Ehrhoff.
19:21 of 2nd period - Mark Letestu wins face-off versus Eric Staal in Devils zone.

3rd period


0:01 of 3rd period - Eric Staal wins face-off versus Artem Anisimov in neutral zone.
0:11 of 3rd period - Shot by Eric Staal.
0:11 of 3rd period - Shot Hit the Post.
0:13 of 3rd period - Shot by Mike Weber.
0:13 of 3rd period - Stopped by Martin Brodeur without a rebound.
0:14 of 3rd period - Brian Boyle wins face-off versus Saku Koivu in Devils zone.
1:27 of 3rd period - Shot by Patrik Elias.
1:27 of 3rd period - Goal by Patrik Elias - Hurricanes : 2 - Devils : 1.
1:28 of 3rd period - Eric Staal wins face-off versus Ales Hemsky in neutral zone.
1:47 of 3rd period - Shot by Eric Staal.
1:47 of 3rd period - Stopped by Martin Brodeur without a rebound.
1:48 of 3rd period - Mark Letestu wins face-off versus Marty Reasoner in Devils zone.
1:52 of 3rd period - Icing by Niklas Hjalmarsson.
1:53 of 3rd period - Brian Boyle wins face-off versus Mark Letestu in Devils zone.
2:01 of 3rd period - Nikita Nikitin is hit by Brian Boyle and loses puck.
2:07 of 3rd period - Mark Letestu is hit by Mike Weber and loses puck.
2:09 of 3rd period - Minor Penalty to Mike Weber for Tripping.
2:10 of 3rd period - Eric Staal wins face-off versus Artem Anisimov in Hurricanes zone.
2:22 of 3rd period - Icing by James van Riemsdyk.
2:23 of 3rd period - Eric Staal wins face-off versus Artem Anisimov in Devils zone.
2:38 of 3rd period - Shot by Josh Bailey.
2:38 of 3rd period - Stopped by Mike Smith without a rebound.
2:39 of 3rd period - Mark Letestu wins face-off versus Eric Staal in Hurricanes zone.
2:44 of 3rd period - Shot by Jonathan Huberdeau.
2:44 of 3rd period - Shot Misses the Net.
3:50 of 3rd period - Shot by Mark Streit.
3:50 of 3rd period - Shot Blocked by Duncan Keith.
3:52 of 3rd period - Shot by Artem Anisimov.
3:52 of 3rd period - Goal by Artem Anisimov - Hurricanes : 2 - Devils : 2.
3:53 of 3rd period - Brian Boyle wins face-off versus Vladimir Sobotka in neutral zone.
4:39 of 3rd period - Icing by Brenden Dillon.
4:40 of 3rd period - Eric Staal wins face-off versus Vladimir Sobotka in Devils zone.
4:45 of 3rd period - Shot by Patrik Elias.
4:45 of 3rd period - Stopped by Martin Brodeur without a rebound.
4:46 of 3rd period - Artem Anisimov wins face-off versus Patrik Elias in Devils zone.
4:57 of 3rd period - Icing by Mike Weber.
4:58 of 3rd period - Saku Koivu wins face-off versus Eric Staal in Hurricanes zone.
4:58 of 3rd period - Jonathan Huberdeau is hit by Mike Weber and loses puck.
5:52 of 3rd period - Icing by Eric Staal.
5:53 of 3rd period - Artem Anisimov wins face-off versus Jason Chimera in Hurricanes zone.
6:05 of 3rd period - Icing by Mike Weber.
6:06 of 3rd period - Eric Staal wins face-off versus Mark Letestu in Hurricanes zone.
6:29 of 3rd period - Mark Streit is hit by Brian Boyle and loses puck.
6:40 of 3rd period - Shot by Brian Boyle.
6:40 of 3rd period - Shot Misses the Net.
6:42 of 3rd period - Shot by Brian Boyle.
6:42 of 3rd period - Goal by Brian Boyle - Hurricanes : 3 - Devils : 2.
6:43 of 3rd period - Eric Staal wins face-off versus Artem Anisimov in neutral zone.
7:10 of 3rd period - Shot by Artem Anisimov.
7:10 of 3rd period - Deflect By James van Riemsdyk.
7:10 of 3rd period - Shot Misses the Net.
7:14 of 3rd period - Shot by Artem Anisimov.
7:14 of 3rd period - Deflect By James van Riemsdyk.
7:14 of 3rd period - Stopped by Mike Smith without a rebound.
7:15 of 3rd period - Saku Koivu wins face-off versus Brian Boyle in Hurricanes zone.
7:19 of 3rd period - Josh Bailey is hit by Ryan Wilson and loses puck.
7:28 of 3rd period - Dany Heatley is hit by Saku Koivu and loses puck.
7:32 of 3rd period - Icing by Ryan Wilson.
7:33 of 3rd period - Brian Boyle wins face-off versus Mark Letestu in Hurricanes zone.
8:01 of 3rd period - Shot by Dany Heatley.
8:01 of 3rd period - Shot Blocked by Brenden Dillon.
8:34 of 3rd period - Shot by Patrik Elias.
8:34 of 3rd period - Stopped by Martin Brodeur without a rebound.
8:35 of 3rd period - Artem Anisimov wins face-off versus Eric Staal in Devils zone.
8:37 of 3rd period - Christian Ehrhoff is hit by Jason Chimera and loses puck.
8:51 of 3rd period - Ales Hemsky is hit by Steve Oleksy and loses puck.
8:58 of 3rd period - Shot by James van Riemsdyk.
8:58 of 3rd period - Shot Misses the Net.
9:00 of 3rd period - Shot by Ales Hemsky.
9:00 of 3rd period - Shot Misses the Net.
9:38 of 3rd period - Minor Penalty to Steve Oleksy for Cross-checking.
9:39 of 3rd period - Daniel Winnik wins face-off versus Mark Letestu in Hurricanes zone.
9:48 of 3rd period - Mike Weber is hit by Jonathan Huberdeau and loses puck.
10:47 of 3rd period - Shot by Trevor Daley.
10:47 of 3rd period - Stopped by Mike Smith without a rebound.
10:48 of 3rd period - Eric Staal wins face-off versus Artem Anisimov in Hurricanes zone.
10:48 of 3rd period - Eric Staal is hit by Artem Anisimov.
11:16 of 3rd period - Shot by James van Riemsdyk.
11:16 of 3rd period - Shot Misses the Net.
11:37 of 3rd period - Shot by Mark Letestu.
11:37 of 3rd period - Shot Misses the Net.
11:39 of 3rd period - Shot by Vladimir Sobotka.
11:39 of 3rd period - Stopped by Mike Smith without a rebound.
11:40 of 3rd period - Brian Boyle wins face-off versus Vladimir Sobotka in Hurricanes zone.
11:40 of 3rd period - Brian Boyle is hit by Vladimir Sobotka.
11:47 of 3rd period - Daniel Winnik is hit by Brenden Dillon and loses puck.
11:53 of 3rd period - Mark Streit is hit by Ryan Wilson and loses puck.
12:04 of 3rd period - Shot by Vladimir Sobotka.
12:04 of 3rd period - Shot Misses the Net.
12:06 of 3rd period - Shot by Tommy Wingels.
12:06 of 3rd period - Stopped by Mike Smith without a rebound.
12:07 of 3rd period - Mark Letestu wins face-off versus Marty Reasoner in Hurricanes zone.
12:07 of 3rd period - Mark Letestu is hit by Steve Oleksy.
12:08 of 3rd period - Mark Letestu from Devils is injured at 12:08 of 3rd period (Sports Hernia).
12:09 of 3rd period - Marty Reasoner wins face-off versus Saku Koivu in Hurricanes zone.
12:09 of 3rd period - Filip Kuba is hit by Josh Bailey and loses puck.
12:13 of 3rd period - Patrik Elias is hit by Saku Koivu.
12:31 of 3rd period - Shot by Rich Clune.
12:31 of 3rd period - Stopped by Martin Brodeur without a rebound.
12:32 of 3rd period - Artem Anisimov wins face-off versus Brian Boyle in Devils zone.
13:24 of 3rd period - Icing by Daniel Winnik.
13:25 of 3rd period - Saku Koivu wins face-off versus Brian Boyle in Hurricanes zone.
13:33 of 3rd period - Duncan Keith is hit by Nikita Nikitin and loses puck.
13:50 of 3rd period - Shot by Jonathan Huberdeau.
13:50 of 3rd period - Stopped by Mike Smith without a rebound.
13:51 of 3rd period - Eric Staal wins face-off versus Jonathan Huberdeau in Hurricanes zone.
14:04 of 3rd period - Shot by Jonathan Huberdeau.
14:04 of 3rd period - Shot Blocked by Filip Kuba.
14:26 of 3rd period - Shot by Jonathan Huberdeau.
14:26 of 3rd period - Stopped by Mike Smith without a rebound.
14:27 of 3rd period - Eric Staal wins face-off versus Artem Anisimov in Hurricanes zone.
15:13 of 3rd period - Duncan Keith is hit by James van Riemsdyk and loses puck.
15:21 of 3rd period - Icing by Mike Weber.
15:22 of 3rd period - Vladimir Sobotka wins face-off versus Brian Boyle in Hurricanes zone.
15:25 of 3rd period - Shot by Vladimir Sobotka.
15:25 of 3rd period - Shot Misses the Net.
15:27 of 3rd period - Shot by Nikita Nikitin.
15:27 of 3rd period - Stopped by Mike Smith without a rebound.
15:28 of 3rd period - Marty Reasoner wins face-off versus Saku Koivu in Hurricanes zone.
15:43 of 3rd period - Shot by Patrik Elias.
15:43 of 3rd period - Stopped by Martin Brodeur without a rebound.
15:44 of 3rd period - Brian Boyle wins face-off versus Vladimir Sobotka in Devils zone.
15:47 of 3rd period - Shot by Daniel Winnik.
15:47 of 3rd period - Deflect By Dany Heatley.
15:47 of 3rd period - Stopped by Martin Brodeur without a rebound.
15:48 of 3rd period - Dany Heatley wins face-off versus Saku Koivu in Devils zone.
16:00 of 3rd period - Icing by Trevor Daley.
16:01 of 3rd period - Saku Koivu wins face-off versus Patrik Elias in Devils zone.
16:05 of 3rd period - Minor Penalty to Eric Staal for Interference.
16:06 of 3rd period - Daniel Winnik wins face-off versus Artem Anisimov in Hurricanes zone.
16:17 of 3rd period - Shot by Mark Streit.
16:17 of 3rd period - Shot Misses the Net.
16:27 of 3rd period - Shot by Mark Streit.
16:27 of 3rd period - Stopped by Mike Smith without a rebound.
16:28 of 3rd period - Josh Bailey wins face-off versus Daniel Winnik in Hurricanes zone.
16:41 of 3rd period - Shot by Josh Bailey.
16:41 of 3rd period - Stopped by Mike Smith without a rebound.
16:42 of 3rd period - Daniel Winnik wins face-off versus Josh Bailey in Hurricanes zone.
17:17 of 3rd period - Shot by Christian Ehrhoff.
17:17 of 3rd period - Stopped by Mike Smith without a rebound.
17:18 of 3rd period - Marty Reasoner wins face-off versus Artem Anisimov in Hurricanes zone.
17:29 of 3rd period - Shot by Nikita Nikitin.
17:29 of 3rd period - Deflect By Artem Anisimov.
17:29 of 3rd period - Shot Misses the Net.
17:31 of 3rd period - Shot by Nikita Nikitin.
17:31 of 3rd period - Goal by Nikita Nikitin - Hurricanes : 3 - Devils : 3.
17:32 of 3rd period - Roman Cervenka wins face-off versus Eric Staal in neutral zone.
17:41 of 3rd period - Shot by Roman Cervenka.
17:41 of 3rd period - Stopped by Mike Smith without a rebound.
17:42 of 3rd period - Artem Anisimov wins face-off versus Lennart Petrell in Hurricanes zone.
17:43 of 3rd period - Shot by James van Riemsdyk.
17:43 of 3rd period - Deflect By Ales Hemsky.
17:43 of 3rd period - Shot Blocked by Duncan Keith.
18:23 of 3rd period - Shot by James van Riemsdyk.
18:23 of 3rd period - Stopped by Mike Smith without a rebound.
18:24 of 3rd period - Brian Boyle wins face-off versus Jonathan Huberdeau in Hurricanes zone.
18:24 of 3rd period - Brian Boyle is hit by Antoine Roussel.
18:48 of 3rd period - Shot by Clarke MacArthur.
18:48 of 3rd period - Stopped by Mike Smith with a rebound.
18:59 of 3rd period - Niklas Hjalmarsson is hit by Brian Boyle and loses puck.

Overtime #1


0:01 of 1st overtime period - Eric Staal wins face-off versus Saku Koivu in neutral zone.
0:08 of 1st overtime period - Shot by Eric Staal.
0:08 of 1st overtime period - Shot Misses the Net.
0:10 of 1st overtime period - Shot by Patrik Elias.
0:10 of 1st overtime period - Shot Misses the Net.
0:26 of 1st overtime period - Shot by Patrik Elias.
0:26 of 1st overtime period - Shot Misses the Net.
0:28 of 1st overtime period - Shot by Duncan Keith.
0:28 of 1st overtime period - Stopped by Martin Brodeur with a rebound.
0:30 of 1st overtime period - Shot by Eric Staal.
0:30 of 1st overtime period - Shot Misses the Net.
0:32 of 1st overtime period - Shot by Patrik Elias.
0:32 of 1st overtime period - Shot Blocked by Clarke MacArthur.
0:36 of 1st overtime period - Shot by Mike Weber.
0:36 of 1st overtime period - Stopped by Martin Brodeur without a rebound.
0:37 of 1st overtime period - Daniel Winnik wins face-off versus Josh Bailey in Devils zone.
0:37 of 1st overtime period - Steve Oleksy is hit by Nikita Nikitin.
0:51 of 1st overtime period - Shot by James van Riemsdyk.
0:51 of 1st overtime period - Goal by James van Riemsdyk - Hurricanes : 3 - Devils : 4.


Output by the SimonT Hockey Simulator (STHS) for Stephane Roy -- Original Page W3C XHTML 1.0 Valid
Hockey Simulator - Hockey Simulation - Hockey Manager